 Dungeon Crawl Stone Soup version 0.15-a0-970-ga23ad50 (console) character file.

147 Kellhus the Chopper (level 5, -1/41 HPs)
             Began as a Mummy Fighter on May 23, 2014.
             Was an Initiate of Qazlal.
             Killed from afar by Sigmund (15 damage)
             ... with a puff of flame
             ... on Level 2 of the Dungeon.
             The game lasted 00:03:40 (1885 turns).

Kellhus the Chopper (Mummy Fighter)                 Turns: 1885, Time: 00:03:40

HP  -1/41        AC  8     Str 19      XL: 5   Next:  8%
MP   5/5         EV  6     Int  7      God: Qazlal [......]
Gold 96          SH 17     Dex 12      Spells:  0 memorised,  4 levels left

rFire  x . .     SeeInvis +     a - +0 war axe
rCold  + + .     Clarity  .     e - +1 scale mail {rPois}
rNeg   + + +     Conserve .     c - +0 shield
rPois  +         rCorr    .     (no helmet)
rElec  .         rRot     +     p - +0 cloak (curse)
SustAb .         Spirit   .     (no gloves)
rMut   .         Warding  .     (no boots)
Gourm  .         Stasis   .     (no amulet)
MR     .....                    n - ring of protection from cold
                                j - ring of see invisible

@: not resistant to hostile enchantments, extremely unstealthy
A: no food or potions, fire vulnerability, restore body, cold resistance 1, life
protection 3, poison resistance, torment resistance, unbreathing
a: Renounce Religion


You were on level 2 of the Dungeon.
You worshipped Qazlal.
Qazlal was noncommittal.
You were not hungry.

You visited 1 branch of the dungeon, and saw 2 of its levels.

You collected 96 gold pieces.

Inventory:

Hand weapons
 a - a +0,+0 war axe (weapon)
Armour
 b - a +0 scale mail
 c - a +0 shield (worn)
 e - a +1 scale mail of poison resistance (worn)
 l - a cursed +0 ring mail
 p - a cursed +0 cloak (worn)
Magical devices
 m - a wand of teleportation (1)
 o - a wand of teleportation (5)
Scrolls
 d - 4 scrolls of teleportation {unknown}
 f - 4 scrolls of amnesia {unknown}
 g - 3 scrolls of remove curse {unknown}
 h - a scroll of immolation {unknown}
 i - a scroll of random uselessness {unknown}
 k - a scroll of enchant weapon II {unknown}
Jewellery
 j - a ring of see invisible (left hand)
 n - a ring of protection from cold (right hand)


   Skills:
 - Level 3.0 Fighting
 + Level 4.4 Axes
 - Level 2.4 Armour
 - Level 2.4 Shields


You had 4 spell levels left.
You didn't know any spells.

Dungeon Overview and Level Annotations

Branches:
Dungeon (2/15)

Altars:
Fedhas
Okawaru
Qazlal

Annotations:
D:2 Sigmund


Innate Abilities, Weirdness & Mutations

You do not eat or drink.
Your flesh is vulnerable to fire.
Your flesh is cold resistant.
You are immune to negative energy.
Your system is resistant to poisons.
You are immune to unholy pain and torment.
You can survive without breathing.


Message History

You block Sigmund's attack.
You closely miss Sigmund.
Sigmund is severely wounded.
Sigmund points at you and mumbles some strange words.
You are confused.
Sigmund hits you but does no damage.
You are too confused!
You are too confused!
You are too confused!
You can't drink.
Sigmund casts a spell.
Sigmund is suddenly surrounded by pale red light.
Sigmund points at you and mumbles some strange words.
You resist. Sigmund casts a spell at you. The magic dart hits you!
You feel less confused. Sigmund casts a spell at you.
The puff of flame hits you! The fire burns you terribly!
You die...

>.......≈≈.# #....
'#
######.≈_≈≈####.##
#.. #.≈.≈≈.# #.##
##'#######≈≈..≈.#
#>..
#...............#
####
#............####
####
#............#
#...
#.........%..#
#...
#....@..@....#
#...
#...........%#
#...
#............#
+...
#........[...#
#...
#............#
####
#............'
#............#
##########


You could see Sigmund.

Vanquished Creatures
  Crazy Yiuf (D:2)
  Terence (D:2)
  A gnoll (D:1)
  4 adders (D:2)
  A giant mite (D:2)
  2 worms (D:2)
  An ooze (D:2)
  5 giant cockroaches
  6 goblins
  4 hobgoblins
  3 kobolds (D:1)
  5 bats
  3 giant newts
  11 rats
48 creatures vanquished.

Notes
Turn   | Place    | Note
--------------------------------------------------------------
     0 | D:1      | Kellhus, the Mummy Fighter, began the quest for the Orb.
     0 | D:1      | Reached XP level 1. HP: 18/18 MP: 1/1
   273 | D:1      | Reached XP level 2. HP: 24/24 MP: 2/2
   544 | D:1      | Reached XP level 3. HP: 29/29 MP: 3/3
  1260 | D:2      | Reached XP level 4. HP: 24/35 MP: 4/4
  1475 | D:2      | Noticed Terence
  1491 | D:2      | Killed Terence
  1517 | D:2      | Reached skill level 4 in Axes
  1529 | D:2      | Found a stormy altar of Qazlal.
  1537 | D:2      | Became a worshipper of Qazlal Stormbringer
  1573 | D:2      | Noticed Sigmund
  1590 | D:2      | Found an iron altar of Okawaru.
  1724 | D:2      | Noticed Crazy Yiuf
  1729 | D:2      | Killed Crazy Yiuf
  1729 | D:2      | Reached XP level 5. HP: 41/41 MP: 5/5
  1847 | D:2      | Found a blossoming altar of Fedhas.
  1885 | D:2      | Killed from afar by Sigmund

Action                   |  1- 3 |  4- 6 || total
-------------------------+-------+-------++-------
Melee: War axe           |   152 |    90 ||   242
Evoke: Wand              |       |     1 ||     1
